Map: Prion Terraces

Players

lesha - Winner!

  • Race: Terran Terran
  • League: Silver

McG

  • Race: Zerg Zerg
  • League: Gold

VOD

Have the link to the VOD?

Description

Time

  • Played on: Jan. 1, 2016, 9:32 a.m.
  • Length: 7:56
Show
View Real Time Build Order
Export as new Build Order

lesha Terran - Winner!

Build Orders: Reaper Expand 

Get SALT Encoding   

  12  0:01  SCV  
  13  0:13  SCV  
  14  0:18  Supply Depot  
  14  0:26  SCV  
  15  0:40  SCV  
  15  0:41  Barracks  
  16  0:49  Refinery  
  16  0:52  SCV  
  17  1:04  SCV  
  18  1:16  SCV  
  19  1:28  Orbital Command  
  19  1:34  Reaper  
  20  1:40  Command Center  
  20  1:55  Supply Depot  
  20  1:58  SCV  
  21  2:14  Barracks Reactor  
  21  2:21  SCV, Refinery  
  22  2:22  Barracks  
  22  2:33  SCV  
  23  2:45  SCV  
  24  3:04  SCV x2  
  26  3:19  Factory  
  26  3:21  Barracks x2  
  26  3:31  SCV  
  26  3:34  Orbital Command  
  27  3:42  Bunker  
  27  3:44  Supply Depot  
  27  3:45  SCV, Supply Depot  
  27  3:47  Marine x2  
  29  3:49  Barracks Reactor  
  29  3:57  SCV  
  29  4:00  SCV  
  31  4:07  Widow Mine  
  31  4:09  SCV  
  34  4:11  Barracks Tech Lab  
  34  4:12  SCV, Marine  
  36  4:25  SCV x2  
  36  4:27  Marine x4  
  42  4:31  Barracks Reactor  
  42  4:33  Stimpack  
  42  4:36  Factory Tech Lab  
  42  4:37  SCV x2  
  44  4:43  Starport  
  44  4:56  SCV x2  
  46  5:00  Marine x3  
  49  5:08  SCV  
  49  5:09  SCV  
  49  5:10  Engineering Bay, Marine x3  
  49  5:12  Engineering Bay, Marauder  
  49  5:13  Siege Tank  
  59  5:22  Supply Depot  
  59  5:23  Supply Depot  
  59  5:25  Supply Depot  
  59  5:27  SCV  
  59  5:28  Command Center, SCV  
  61  5:38  Marine  
  61  5:41  Starport Reactor  
  62  5:43  Marine x5  
  67  5:52  SCV x2  
  67  5:55  Refinery  
  69  5:57  Refinery  
  69  6:06  Marine  
  69  6:07  Marine x4  
  69  6:08  Marine  
  69  6:09  Marine  
  76  6:18  Barracks, Medivac x2  
  80  6:19  Barracks  
  80  6:27  Marine x3  
  80  6:28  Marine x3  
  86  6:42  SCV x2  
  88  6:54  SCV x2, Supply Depot  
  89  6:55  Supply Depot  
  89  6:57  Supply Depot, Marine  
  89  6:58  Marine x5  
  96  7:01  Marine  
  96  7:07  SCV x2  
  100  7:14  Orbital Command  
  99  7:15  Marine  
  99  7:19  SCV  
  99  7:20  SCV  
  102  7:31  SCV  
Show
View Real Time Build Order
Export as new Build Order

McG Zerg 

Build Orders: Hatch First 

Get SALT Encoding   

  12  0:01  Drone  
  13  0:13  Overlord  
  13  0:17  Drone  
  14  0:31  Drone x2  
  16  0:35  Drone  
  17  0:55  Drone  
  18  0:57  Hatchery  
  18  1:00  Drone  
  18  1:03  Extractor  
  17  1:14  Spawning Pool  
  17  1:18  Drone  
  17  1:21  Drone  
  18  1:29  Drone  
  19  1:40  Overlord  
  19  1:55  Drone  
  19  2:00  Queen  
  22  2:04  Zergling x2  
  23  2:09  Queen  
  23  2:11  Metabolic Boost  
  25  2:16  Drone  
  25  2:17  Drone  
  25  2:20  Drone  
  28  2:23  Overlord  
  28  2:38  Zergling x4  
  28  2:42  Overlord  
  29  2:44  Queen  
  29  2:45  Drone  
  32  2:59  Drone  
  32  3:00  Drone  
  34  3:18  Drone  
  34  3:19  Drone x5  
  40  3:29  Drone x2  
  40  3:33  Lair  
  42  3:37  Overlord  
  42  3:38  Drone  
  43  3:52  Drone x5  
  43  3:53  Drone  
  49  4:06  Spore Crawler  
  49  4:08  Spore Crawler  
  47  4:11  Spore Crawler  
  47  4:13  Overlord x2  
  47  4:14  Overlord  
  46  4:29  Extractor  
  45  4:32  Roach Warren  
  45  4:38  Extractor  
  43  4:43  Extractor  
  43  4:45  Overlord x3  
  41  4:53  Spore Crawler  
  41  4:54  Drone  
  41  4:55  Drone x3  
  44  5:16  Hatchery  
  43  5:35  Roach  
  45  5:36  Roach x9  
  63  5:59  Spore Crawler  
  63  6:00  Drone  
  63  6:01  Spore Crawler, Drone x5  
  67  6:15  Spire  
  66  6:36  Drone  
  66  6:37  Drone x7  
  66  6:39  Queen  
  76  6:43  Overlord  
  76  6:44  Overlord x2  
  76  6:45  Drone  
  76  6:46  Drone x4  
  81  6:50  Ravager x7  
  81  6:51  Ravager x3  
  81  6:52  Zergling x2  
  92  6:57  Spine Crawler  
  92  7:00  Spore Crawler, Spine Crawler  
  89  7:02  Zergling x6  
  89  7:06  Overlord  
  89  7:07  Roach  
  92  7:16  Roach  
  92  7:17  Roach x3  
  100  7:23  Overlord x2  
Tags
 
Add a new tag
Caveats
  • Supply blocks, unpowered buildings, or Contaminate may cause inaccurate times.
  • Supply counts are checked every 10 seconds.